 Dungeon Crawl Stone Soup version 0.28.0-43-g3370ac3207 (webtiles) character file.

Game seed: 6716402458234256684

56 gzilladon the Chopper (level 3, -3/33 HPs)
             Began as a Hill Orc Monk on Mar 29, 2022.
             Slain by a gnoll
             ... wielding a +0 spear
              (5 damage)
             ... on level 4 of the Dungeon.
             The game lasted 00:09:29 (2061 turns).

gzilladon the Chopper (Hill Orc Monk)               Turns: 2061, Time: 00:09:30

Health: -3/33      AC:  4    Str: 15    XL:     3   Next: 97%
Magic:  3/3        EV: 12    Int: 10    God:
Gold:   80         SH:  0    Dex: 13    Spells: 2/2 levels left

rFire   . . .      SeeInvis .   a - +0 hand axe
rCold   . . .      Faith    .   (no shield)
rNeg    . . .      Spirit   .   l - +0 troll leather armour
rPois   .          Reflect  .   (no helmet)
rElec   .          Harm     .   (no cloak)
rCorr   +          Rampage  .   (no gloves)
Will    .....                   (no boots)
Stlth   ++........              (no amulet)
HPRegen 0.91/turn               o - ring of resist corrosion
MPRegen 0.08/turn               m - ring of flight

@: flying
A: no striking features
a: no special abilities


You were on level 4 of the Dungeon.
You visited 1 branch of the dungeon, and saw 4 of its levels.

You collected 80 gold pieces.

Inventory:

Hand Weapons
 a - a +0 hand axe (weapon)
Missiles
 c - 6 boomerangs (quivered)
 h - 26 bolts
 p - 21 sling bullets
Armour
 b - a +0 robe
 e - a +0 leather armour
 i - the +1 ring mail "Dyliblopid" {Will+}
   (You found it on level 2 of the Dungeon)

   Will:      It increases your willpower.
 l - a +0 troll leather armour (worn)
Magical Staves
 n - a staff of earth
Jewellery
 m - a ring of flight (right hand)
 o - a ring of resist corrosion (left hand)
Scrolls
 d - 2 scrolls of identify {unknown}
 g - a scroll of teleportation {unknown}
 j - a scroll of brand weapon {unknown}
Potions
 f - a potion of heal wounds {unknown}
 k - a potion of curing {unknown}


   Skills:
 * Level 4.1 Fighting
 + Level 5.2 Axes
 * Level 0.5 Armour
 + Level 2.6 Dodging
 - Level 2.0 Stealth


You had 2 spell levels left.
You didn't know any spells.
Your spell library contained the following spells:

 Spells                   Type           Power      Damage    Failure   Level
 Ignite Poison            Fire/Tmut/Pois 0%         N/A       80%         3
 Mephitic Cloud           Conj/Pois/Air  0%         N/A       80%         3
 Freezing Cloud           Conj/Ice/Air   0%         6-21      100%        5


Dungeon Overview and Level Annotations

Branches:
Dungeon (4/15)
 Temple: D:4-7

Altars:

Annotations:
D:3 Sigmund


Message History

You hit the dart slug.
The dart slug is heavily wounded.
You hit the quokka but do no damage.
The quokka bites you but does no damage.
The dart slug bites you.
You hit the quokka.
The quokka is almost dead.
You hit the dart slug. The quokka closely misses you.
The gnoll barely misses you. The quokka barely misses you.
You hit the quokka.
You kill the quokka!
You hit the dart slug. The dart slug barely misses you.
The gnoll closely misses you.
You hit the dart slug.
You kill the dart slug!
The gnoll hits you from afar with a +0 spear!
The gnoll hits you with a +0 spear.
You hit the gnoll but do no damage. The gnoll hits you but does no damage.
You barely miss the gnoll. The gnoll hits you with a +0 spear.
You barely miss the gnoll. The gnoll hits you with a +0 spear!
* * * LOW HITPOINT WARNING * * *
You hit the gnoll.
The gnoll is lightly wounded.
The gnoll hits you with a +0 spear.
* * * LOW HITPOINT WARNING * * *
You barely miss the gnoll.
The gnoll is lightly wounded.
The gnoll closely misses you.
You barely miss the gnoll.
The gnoll is lightly wounded.
The gnoll hits you with a +0 spear.
* * * LOW HITPOINT WARNING * * *
You hit the gnoll.
The gnoll is heavily wounded.
The gnoll hits you with a +0 spear.
* * * LOW HITPOINT WARNING * * *
You hit the gnoll.
The gnoll is severely wounded.
The gnoll hits you with a +0 spear.
You die...

####.#..#
#....#... #.#....#
# #.#....#
#.#.#....#
####.#<#....#
#........)..#
#......$....######
#.........@g......
#........†.######.
#..........#
#.......#.##
#.......#.#
#.......#.#
#.......#.#
#......$#..


You could see a gnoll.

Vanquished Creatures
  An adder (D:2)
  A worm (D:2)
  2 dart slugs
  A bat (D:2)
  2 endoplasms (D:1)
  4 giant cockroaches (D:1)
  3 goblins (D:1)
  3 hobgoblins (D:1)
  2 jackals (D:1)
  5 kobolds (D:1)
  3 quokkas
  4 ball pythons
  2 frilled lizards
  A rat (D:1)
34 creatures vanquished.

Notes
Turn   | Place    | Note
-------+----------+-------------------------------------------
     0 | D:1      | gzilladon the Hill Orc Monk began the quest for the Orb.
     0 | D:1      | Reached XP level 1. HP: 19/19 MP: 1/1
   246 | D:1      | Reached XP level 2. HP: 17/27 MP: 2/2
   823 | D:1      | Found a faded altar of an unknown god.
   846 | D:1      | Reached skill level 5 in Axes
   846 | D:1      | Reached XP level 3. HP: 33/33 MP: 3/3
  1366 | D:2      | Identified the +1 ring mail "Dyliblopid" {Will+}
  2015 | D:3      | Noticed Sigmund
  2060 | D:4      | HP: 1/33 [gnoll/+0 spear (4)]
  2061 | D:4      | Slain by a gnoll

Illustrated notes

Levels and vault maps discovered:
D:1:      ebering_hopf_link, layout_basic,
          hellmonk_ecumenical_altar_leap_of_faith, minivault_25
D:2:      layout_rooms
D:3:      layout_loops_corners, uniq_crazy_yiuf_cottage, uniq_sigmund
D:4:      layout_basic, interstate_on_off, uniq_blork_the_orc

Skill      XL: |  1  2  3 |
---------------+----------+-----
Axes           | 5 |  5.2
Fighting       | 4 |  4.1
Stealth        | 2 |  2.0
Armour         | |  0.5
Dodging        | |  2.6

Action                   || total
-------------------------++-------
Melee: Hand axe          ||   134
       Punch             ||     2
Throw: Boomerang         ||     1
 Stab: Sleeping          ||     3
Armor: Robe              ||     4
       Ring mail         ||     7
       Troll leather arm ||     4
       Leather armour    ||     1
Dodge: Dodged            ||    79
